Workbook
Name DKCO: #REF!
Name DKNO: #REF!
Name Donvi: #REF!
Name LM: #REF!
Name LN: #REF!
Name Taikhoan: #REF!
Name TaxTV: 10%
Name TaxXL: 5%
Name TK_BS: #REF!
Name TK_PL: #REF!
Name TK_TB: #REF!
Name TKBS: #REF!
Name Ý_kiến: #REF!
Name YKien: #REF!
Name ZYX: #REF!
Name ZZZ: #REF!

Sheet Tong quat
A1: Kỳ báo cáo: | C1: Tại ngày 31 tháng 03 năm 2022/As at 31 March 2022
C2: Từ ngày 01 tháng 03 năm 2022 tới ngày 31 tháng 03 năm 2022 / From 01 March 2022 to 31 March 2022
A4: Thông tin chung:
C5: Tên Quỹ: | D5: Quỹ Đầu tư cân bằng Bản Việt
C6: Fund name: | D6: Viet Capital Balanced Fund (VCAMBF)
C7: Tên Công ty quản lý quỹ: | D7: Công ty Cổ phần Quản lý Quỹ Đầu tư chứng khoán Bản Việt
C8: Fund Management Company: | D8: Viet Capital Asset Management Joint Stock Company
C9: Tên ngân hàng giám sát: | D9: Ngân hàng TMCP Đầu tư và Phát triển Việt Nam CN Nam Kỳ Khởi Nghĩa
C10: Supervising bank: | D10: Bank for Investment and Development of VietNam JSC - Nam Ky Khoi Nghia Branch
C11: Ngày lập báo cáo: | D11: Ngày 01 tháng 04 năm 2022
C12: Reporting Date: | D12: 44652
A14: Người ký báo cáo:
C16: Đại diện có thẩm quyền của Ngân hàng giám sát | F16: Đại diện có thẩm quyền của Công ty quản lý Quỹ
C17: Authorised Representative of Supervisory Bank | F17: Authorised Representative of Fund Management Company
C19: NH TMCP ĐT & PT Việt Nam CN Nam Kỳ Khởi Nghĩa | F19: Công ty CP Quản lý Quỹ Đầu tư chứng khoán Bản Việt
C20: Hoàng Chí Sơn | F20: Trương Thị Thanh Ngọc
C21: Phó giám đốc Chi nhánh | F21: Giám đốc quỹ
B34: STT | C34: Nội dung | E34: Tên sheet
B35: A | C35: BÁO CÁO CHUNG VỀ HOẠT ĐỘNG ĐẦU TƯ CỦA QUỸ
B36: 1 | C36: Báo cáo thu nhập | E36: BCThuNhap_06203
B37: 2 | C37: Báo cáo tình hình tài chính | E37: BCTinhHinhTaiChinh_06105
B38: 3 | C38: Báo cáo lưu chuyển tiền tệ | E38: BCLCGT_06262
B39: 4 | C39: Báo cáo tài sản | E39: BCTaiSan_06027
B40: 5 | C40: Baó cáo Kết quả hoạt động | E40: BCKetQuaHoatDong_06028
B41: 6 | C41: Baáo cáo Danh mục đầu tư | E41: BCDanhmucdautu_06029
B42: 7 | C42: Giá trị tài sản ròng | E42: GiaTriTaiSanRong_06129
B43: 8 | C43: Báo cáo hoạt động vay | E43: Bchoatdongvay_06026
B44: 9 | C44: Báo cáo chỉ tiêu khác | E44: Khac_06030
B45: 10 | C45: Thống kê phí giao dịch
B46: B | C46: BÁO CÁO TÌNH HÌNH TỰ DOANH ĐẦU TƯ GIÁN TIẾP RA NƯỚC NGOÀI CỦA QUỸ | E46: Không có
B49: Thống kê các Thuyết minh BCTC
D51: Có trình bày Y/N/O | E51: Nguyên nhân không trình bày
B52: 1/ | C52: Tiền gửi Ngân hàng | D52: Y
B53: 2/ | C53: Các khoản đầu tư | D53: Y
B54: 3/ | C54: Các khoản dự phòng | D54: O | E54: Chỉ có VF1 trình bày, các Quỹ khác không có khoản mục này không phải trình bày
B55: 4/ | C55: Vay ngắn hạn | D55: N | E55: Không có số dư không trình bày
B56: 5/ | C56: Phải trả mua các khoản đầu tư | D56: N | E56: Không có số dư không trình bày
B57: 6/ | C57: Phải trả các Đại lý phân phối, Công ty Quản lý quỹ về phí phát hành và mua lại Chứng chỉ quỹ | D57: N | E57: Trên báo cáo chính đã chi tiết theo từng khoản mục
B58: 7/ | C58: Thuế và các khoản phải nộp Nhà nước | D58: N | E58: Không bắt buộc, Quỹ chỉ có khoản mục thuế từ hoạt động mua bán CCQ và Thù lao BDD
B59: 8/ | C59: Phải trả thu nhập cho Nhà đầu tư | D59: N | E59: Quỹ nào có chia cổ tức mới trình bày
B60: 9/ | C60: Chi phí phải trả | D60: N | E60: Trên báo cáo chính đã chi tiết theo từng khoản mục
B61: 10/ | C61: Phải trả dịch vụ quản lý quỹ | D61: N | E61: Trên báo cáo chính đã chi tiết theo từng khoản mục
B62: 11/ | C62: Phải trả, phải nộp khác | D62: Y | E62: Chi tiết theo nature khoản mục của từng quỹ
B63: 12/ | C63: Tình hình biến động vốn chủ sở hữu | D63: Y
B64: 13/ | C64: Lợi nhuận chưa phân phối | D64: Y
B65: 14/ | C65: Lãi, lỗ bán các khoản đầu tư | D65: Y | E65: Tính toán lại dựa trên Báo cáo Sale and Purchase Report, checking với cân đối
B66: 15/ | C66: Chênh lệch đánh giá lại các khoản đầu tư | D66: Y | E66: Dựa trên báo cáo Portfolio Valuation
B67: 16/ | C67: Doanh thu hoạt động đầu tư | D67: Y
B68: 17/ | C68: Chi phí giao dịch mua các khoản đầu tư | D68: N | E68: Hệ thống ko support nhặt số liệu báo cáo này
B69: 18/ | C69: Chi phí giao dịch bán các khoản đầu tư | D69: N | E69: Hệ thống ko support nhặt số liệu báo cáo này
B70: 19/ | C70: Chi phí đầu tư | D70: N | E70: Trên báo cáo chính đã chi tiết theo từng khoản mục
B71: 20/ | C71: Chi phí quản lý Quỹ mở | D71: N | E71: Trên báo cáo chính đã chi tiết theo từng khoản mục
B72: 21/ | C72: Thuyết minh về giá trị tài sản ròng | D72: Y | E72: Thống kê theo từng kỳ NAV
B73: 22/ | C73: Thuyết minh về danh mục các khoản đầu tư | D73: N | E73: Báo cáo theo thông tư 183 đã có thông tin
B74: 23/ | C74: Thuyết minh về các Tài khoản loại 0 | D74: N | E74: Không coó
B75: 24/ | C75: Những thông tin khác | D75: N | E75: Không bắt buộc trình bày

Sheet BCThuNhap_06203
A1: Mẫu số B01g - QM. Báo cáo thu nhập Template B01g - QM. Statement of Comprehensive Income
A2: (Ban hành kèm theo Thông tư 198/2012/TT-BTC ngày 15 tháng 11 năm 2012 về chế độ kế toán áp dụng đối với quỹ mở) (Issued in association with Circular 198/2012/TT-BTC dated 15 Nov 2012 on the Accounting Policies for Open-Ended Fund)
A3: BÁO CÁO THU NHẬP STATEMENT OF COMPREHENSIVE INCOME
A5: Tháng 03 năm 2022 /March 2022
A7: Tên Quỹ: | B7: Quỹ Đầu tư cân bằng Bản Việt
A8: Fund name: | B8: Viet Capital Balanced Fund (VCAMBF)
A9: Tên Công ty quản lý quỹ: | B9: Công ty Cổ phần Quản lý Quỹ Đầu tư chứng khoán Bản Việt
A10: Fund Management Company: | B10: Viet Capital Asset Management Joint Stock Company
A11: Tên ngân hàng giám sát: | B11: Ngân hàng TMCP Đầu tư và Phát triển Việt Nam Chi nhánh Nam Kỳ Khởi Nghĩa
A12: Supervising bank: | B12: Bank for Investment and Development of VietNam JSC - Nam Ky Khoi Nghia Branch
A13: Ngày lập báo cáo: | B13: Ngày 01 tháng 04 năm 2022
A14: Reporting Date: | B14: 44652
A16: Chỉ tiêu Indicator | B16: Mã số Code | C16: Thuyết minh Note | D16: Năm 2022 Year 2022 | F16: Năm 2021 Year 2021
D17: Tháng 03 năm 2022 March 2022 | E17: Số lũy kế Year-to-date | F17: Tháng 03 năm 2021 March 2021 | G17: Số lũy kế Year-to-date
A18: I. THU NHẬP, DOANH THU HOẠT ĐỘNG ĐẦU TƯ Investment income | B18: 01 | D18: 3074489109 | E18: 2092483358 | F18: 1913763359 | G18: 8644623829
A19: 1.1. Cổ tức, trái tức được chia Dividend, bond interest received | B19: 02 | D19: 47561644 | E19: 254857534 | F19: 39934246 | G19: 200755951
A20: Cổ tức được nhận Dividend received | B20: 02.1 | D20: 0 | E20: 74200000 | F20: 16000000 | G20: 116000000
A21: Trái tức được nhận Coupon received | B21: 02.2 | D21: 47561644 | E21: 180657534 | F21: 23934246 | G21: 84755951
A22: 1.2. Tiền lãi được nhận Interest income | B22: 03 | D22: 131477915 | E22: 369856274 | F22: 89379273 | G22: 254285778
A23: Tiền lãi tiền gửi được nhận Bank Deposit Interest received | B23: 03.1 | D23: 131477915 | E23: 369856274 | F23: 89379273 | G23: 254285778
A24: Lãi chứng chỉ tiền gửi Interest income from Certificate of Deposit | B24: 03.2 | D24: 0 | E24: 0 | F24: 0 | G24: 0
A25: 1.3. Lãi (lỗ) bán các khoản đầu tư Realized gain (losses) from disposal investments | B25: 04 | D25: 905539752 | E25: 4370310153 | F25: 502062026 | G25: 4856515384
A26: 1.4. Chênh lệch tăng, giảm đánh giá lại các khoản đầu tư chưa thực hiện Unrealized gain (losses) from investment revaluation | B26: 05 | D26: 1989909798 | E26: -2902540603 | F26: 1282387814 | G26: 3333066716
A27: 1.5. Doanh thu khác Other income | B27: 06 | D27: 0 | E27: 0 | F27: 0 | G27: 0
A28: 1.6. Chênh lệch lãi, lỗ tỷ giá hối đoái đã và chưa thực hiện Realized and unrealized gain (losses) from foreign exchange | B28: 07 | D28: 0 | E28: 0 | F28: 0 | G28: 0
A29: 1.7. Doanh thu khác về đầu tư Other investment income | B29: 08 | D29: 0 | E29: 0 | F29: 0 | G29: 0
... A32: 2.1. Chi phí giao dịch mua, bán các khoản đầu tư Expense for purchasing and selling investments | B32: 11 | D32: 25699861 | E32: 76564434 | F32: 25181925 | G32: 119573069
A33: Phí môi giới Brokerage fee | B33: 11.1 | D33: 25699861 | E33: 76564434 | F33: 25181925 | G33: 119573069
A34: Chi phí thanh toán bù trừ Clearing settlement fee | B34: 11.2 | D34: 0 | E34: 0 | F34: 0 | G34: 0
A35: 2.2. Chi phí dự phòng nợ phải thu khó đòi và xử lý tổn thất phải thu khó đòi Provision expense | B35: 12 | D35: 0 | E35: 0 | F35: 0 | G35: 0
A36: 2.3. Chi phí lãi vay Borrowing interest expense | B36: 13 | D36: 0 | E36: 0 | F36: 0 | G36: 0
A37: 2.4. Chi phí dự phòng giảm giá tài sản nhận thế chấp và xử lý tổn thất các khoản đầu tư cho vay có tài sản nhận thế chấp Impairment expense for devaluation of assets received as pledge | B37: 14 | D37: 0 | E37: 0 | F37: 0 | G37: 0
A38: 2.5. Chi phí đầu tư khác Other investments expense | B38: 15 | D38: 0 | E38: 0 | F38: 0 | G38: 0
A39: III. CHI PHÍ HOẠT ĐỘNG CỦA QUỸ OPERATING EXPENSE | B39: 20 | D39: 166925683 | E39: 487396034 | F39: 147171073 | G39: 435336604
A40: 3.1. Phí quản lý Quỹ mở Management fee | B40: 20.1 | D40: 89138882 | E40: 256253105 | F40: 70628362 | G40: 198169069
A41: 3.2. Phí dịch vụ lưu ký tài sản Quỹ mở Custodian fee | B41: 20.2 | D41: 26031893 | E41: 77866886 | F41: 26145273 | G41: 86485240
A42: Phí dịch vụ lưu ký - bảo quản tài sản Custodian service - Custody Fee | B42: 20.2.1 | D42: 20000000 | E42: 60000000 | F42: 20000000 | G42: 60000000
A43: Phí dịch vụ lưu ký - giao dịch chứng khoán Custodian service - Transaction fee | B43: 20.2.2 | D43: 5539393 | E43: 16512309 | F43: 5755761 | G43: 25233992
A44: Phí dịch vụ lưu ký - phí VSD Custodian service - VSD fee | B44: 20.2.3 | D44: 492500 | E44: 1354577 | F44: 389512 | G44: 1251248
A45: 3.3. Phí dịch vụ giám sát Supervising fee | B45: 20.3 | D45: 5500000 | E45: 16500000 | F45: 5500000 | G45: 16500000
A46: 3.4. Phí dịch vụ quản trị Quỹ mở Fund administrative fee | B46: 20.4 | D46: 16500000 | E46: 49500000 | F46: 16500000 | G46: 49500000
... A70: 6.2. Lợi nhận/(lỗ) chưa thực hiện Unrealized profit (losses) | B70: 32 | D70: 1989909798 | E70: -2902540603 | F70: 1282387814 | G70: 3333066716
A71: VII. CHI PHÍ THUẾ TNDN CORPORATE INCOME TAX | B71: 40
A72: VIII. LỢI NHUẬN KẾ TOÁN SAU THUẾ TNDN PROFIT AFTER TAX (41=30-40) | B72: 41 | D72: 2881863565 | E72: 1528522890 | F72: 1741410361 | G72: 8089714156
A76: Công ty Cổ phần Quản lý Quỹ Đầu tư Chứng khoán Bản Việt
A79: Người lập | E79: Người duyệt
A90: Bà Nguyễn Thị Nhung | D90: Bà Khúc Thị Kiều | F90: Bà Trương Thị Thanh Ngọc
A91: Kế toán quỹ | D91: Kế toán trưởng | F91: Giám đốc quỹ

Sheet BCTinhHinhTaiChinh_06105
A1: Mẫu số B02g - QM. Báo cáo tình hình tài chính Template B02g - QM. Statement of Financial Position
A2: (Ban hành kèm theo Thông tư 198/2012/TT-BTC ngày 15 tháng 11 năm 2012 về chế độ kế toán áp dụng đối với quỹ mở) (Issued in association with Circular 198/2012/TT-BTC dated 15 Nov 2012 on the Accounting Policies for Open-Ended Fund)
A3: BÁO CÁO TÌNH HÌNH TÀI CHÍNH STATEMENT OF FINANCIAL POSITION
A5: Tại 31 tháng 03 năm 2022/As at 31 March 2022
A7: Tên Quỹ: | B7: Quỹ Đầu tư cân bằng Bản Việt
A8: Fund name: | B8: Viet Capital Balanced Fund (VCAMBF)
A9: Tên Công ty quản lý quỹ: | B9: Công ty Cổ phần Quản lý Quỹ Đầu tư chứng khoán Bản Việt
A10: Fund Management Company: | B10: Viet Capital Asset Management Joint Stock Company
A11: Tên ngân hàng giám sát: | B11: Ngân hàng TMCP Đầu tư và Phát triển Việt Nam Chi nhánh Nam Kỳ Khởi Nghĩa
A12: Supervising bank: | B12: Bank for Investment and Development of VietNam JSC - Nam Ky Khoi Nghia Branch
A13: Ngày lập báo cáo: | B13: Ngày 01 tháng 04 năm 2022
A14: Reporting Date: | B14: 44652
A16: Chỉ tiêu Indicator | B16: Mã số Code | C16: Thuyết minh Note | D16: Ngày 31 tháng 03 năm 2022 As at 31 March 2022 | E16: Ngày 28 tháng 02 năm 2022 As at 28 February 2022 | I16: Ngày 28 tháng 02 năm 2019 As at 28 February 2019
A17: I. TÀI SẢN ASSETS
A18: 1.Tiền gửi ngân hàng và tương đương tiền Cash at bank and cash equivalent | B18: 110 | D18: 22116850141 | E18: 24468617658 | I18: 29799258648 | J18: 729768413
A19: 1.1. Tiền gửi ngân hàng cho hoạt động của Quỹ mở Cash at bank for Fund's operation | B19: 111 | D19: 3816992249 | E19: 4280685759 | I19: 9361428215 | J19: 611101479
A20: Tiền gửi của nhà đầu tư cho hoạt động mua chứng chỉ quỹ Cash at bank for Fund's subscription | B20: 111.1 | D20: 29717335 | E20: 31789004
A21: Tiền phải trả cho Nhà đầu tư về mua lại chứng chỉ quỹ Cash at bank for Fund's redemption | B21: 111.2 | D21: 0 | E21: 0
A22: Tiền gửi ngân hàng cho hoạt động của Quỹ Cash at bank for Fund's operation | B22: 111.3 | D22: 3787274914 | E22: 4248896755
A23: 1.2. Tiền gửi có kỳ hạn dưới 3 tháng Term deposit less than 3 months | B23: 112 | D23: 18299857892 | E23: 20187931899 | I23: 20437830433 | J23: 118666934
A24: 2. Các khoản đầu tư thuần Investment | B24: 120 | D24: 96861372295 | E24: 91035112745 | I24: 46113652000 | J24: -267466000
A25: 2.1. Các khoản đầu tư Investments | B25: 121 | D25: 96861372295 | E25: 91035112745 | I25: 46113652000 | J25: -267466000
A26: Cổ phiếu niêm yết Listed shares | B26: 121.1 | D26: 74782853650 | E26: 68956594100 | I26: 43113652000 | J26: -267466000
A27: Cổ phiếu chưa niêm yết Unlisted shares | B27: 121.2 | D27: 0 | E27: 0 | I27: 0
A28: Trái phiếu Bonds | B28: 121.3 | D28: 7000000000 | E28: 7000000000 | I28: 0 | J28: 0
A29: Hợp đồng tiền gửi có kỳ hạn trên ba (03) tháng Deposit with term over three (03) months | B29: 121.4 | D29: 15078518645 | E29: 15078518645 | I29: 3000000000 | J29: 0
A30: Chứng chỉ tiền gửi ghi danh Registered Deposit Certificate | B30: 121.5 | D30: 0 | E30: 0 | I30: 0 | J30: 0
A31: Quyền mua chứng khoán Investments - Rights | B31: 121.6 | D31: 0 | E31: 0 | I31: 0 | J31: 0
A32: 2.2. Dự phòng giảm giá tài sản nhận thế chấp Impairment of devaluation of assets as pledge | B32: 122 | D32: 0 | E32: 0 | I32: 0 | J32: 0
A33: 3. Các khoản phải thu Receivables | B33: 130 | D33: 1117807472 | E33: 1296141010 | I33: 473787186 | J33: -61449754
A34: 3.1 Phải thu về bán các khoản đầu tư Receivables from investments sold but not yet settled | B34: 131 | D34: 529205000 | E34: 774087125 | I34: 285571000 | J34: -58238511
A35: 3.2. Phải thu và dự thu cổ tức, tiền lãi các khoản đầu tư Dividend and interest receivables | B35: 133 | D35: 588602472 | E35: 522053885 | I35: 188216186 | J35: -3211243
A36: Phải thu cổ tức, tiền lãi đến ngày nhận Dividend and interest receivables | B36: 134 | D36: 0 | E36: 0 | I36: 0 | J36: 0
A37: Trong đó: Phải thu khó đòi về cổ tức, tiền lãi đến ngày nhận nhưng chưa nhận được In which: Overdue receivables from dividend, interest income | B37: 135 | D37: 0 | E37: 0 | J37: 0
A38: Dự thu cổ tức, tiền lãi chưa đến ngày nhận Accrual dividend, interest income | B38: 136 | D38: 588602472 | E38: 522053885 | I38: 188216186 | J38: -3211243
A39: Phải thu cổ tức Dividend receivable | B39: 136.1 | D39: 0 | E39: 0 | I39: 0 | J39: 0
A40: Phải thu lãi tiền gửi có kỳ hạn Interest receivable from term deposit | B40: 136.2 | D40: 109917541 | E40: 90930598 | I40: 188216186 | J40: -3211243
A41: Phải thu lãi chứng chỉ tiền gửi ghi danh Interest receivable from registered Deposit Certificate | B41: 136.3 | D41: 0 | E41: 0 | I41: 0 | J41: 0
A42: Phải thu trái tức Coupond receivable | B42: 136.4 | D42: 478684931 | E42: 431123287 | I42: 0 | J42: 0
A43: Phải thu lãi hợp đồng mua lại đảo ngược Interest receivable from reverse repo contract | B43: 136.5 | D43: 0 | E43: 0 | I43: 0 | J43: 0
A44: 3.3. Các khoản phải thu khác Other receivables | B44: 137 | D44: 0 | E44: 0 | I44: 0 | J44: 0
A45: 3.4. Dự phòng nợ phải thu khó đòi Provision for doubtful debt | B45: 138 | D45: 0 | E45: 0 | I45: 0 | J45: 0 | M45: checking
A46: TỔNG TÀI SẢN TOTAL ASSETS | B46: 100 | D46: 120096029908 | E46: 116799871413 | G46: 0 | H46: 0 | I46: 76386697834 | J46: 400852659 | M46: 77161857907 | N46: 76787550493
A47: II. NỢ PHẢI TRẢ TOTAL LIABILITIES | B47: II | D47: 0 | E47: 0 | J47: 0 | M47: 0 | N47: 0
A48: 1. Vay ngắn hạn - hợp đồng repo Shorterm loans - Repo | B48: 311 | D48: 0 | E48: 0 | I48: 0 | J48: 0
A49: 2. Phải trả về mua các khoản đầu tư Payables for securities bought but not yet settled | B49: 312 | D49: 1362340450 | E49: 381972100 | I49: 1491333650 | J49: -1427738400
A50: 3. Phải trả phí cho các Đại lý phân phối, Công ty quản lý quỹ về mua bán Chứng chỉ quỹ Subscription and Redemption fee payable to distributors and fund management company | B50: 313 | D50: 3737183 | E50: 1819349 | I50: 0 | J50: 250000
A51: 4. Thuế và các khoản phải nộp Nhà nước Tax payables and obligations to the State Budget | B51: 314 | D51: 1209718 | E51: 606550 | I51: 0 | J51: 0
A52: 5.Phải trả thu nhập cho Nhà đầu tư Profit distribution payables | B52: 315 | D52: 407334 | E52: 407334 | I52: 0 | J52: 0
A53: 6. Chi phí phải trả Expense Accuals | B53: 316 | D53: 130720544 | E53: 113430135 | I53: 95797260 | J53: 15591781
A54: Trích trước phí môi giới Expense accruals - Brokerage fee | B54: 316.1 | D54: 0 | E54: 0 | I54: 0 | J54: 0
A55: Trích trước phí kiểm toán Expense accruals- Audit fee | B55: 316.2 | D55: 113287670 | E55: 101821917 | I55: 82780822 | J55: 9342466
A56: Trích trước phí họp đại hội thường niên Expense accruals - Annual General meeting | B56: 316.3 | D56: 0 | E56: 0 | I56: 0 | J56: 0
A57: Trích trước phí báo cáo thường niên Expense accruals for Annual report | B57: 316.4 | D57: 0 | E57: 0 | I57: 0 | J57: 0
A58: Trích trước thù lao ban đại diện quỹ Expense accruals - Remuneration Payable to Fund's Board of Representatives | B58: 316.5 | D58: 16200000 | E58: 10800000 | I58: 11400000 | J58: 5400000
A59: Trích trước phí công tác, họp của ban đại diện Expense accruals for Fund's Board of Representatives travelling, meeting | B59: 316.6 | D59: 0 | E59: 0 | I59: 0 | J59: 0
A60: Trích trước phí quản lý thường niên Expense accruals for Annual Fee | B60: 316.7 | D60: 1232874 | E60: 808218 | I60: 1616438 | J60: 849315
A61: 7. Phải trả cho Nhà đầu tư về mua Chứng chỉ quỹ Subscription Suspense Payable | B61: 317 | D61: 29717335 | E61: 1010000 | I61: 0 | J61: 0
A62: 8. Phải trả cho Nhà đầu tư về mua lại Chứng chỉ quỹ Redemption payable | B62: 318 | D62: 0 | E62: 26429772 | I62: 0 | J62: 0
A63: 9. Phải trả dịch vụ quản lý Quỹ mở Fund management related service expense payable | B63: 319 | D63: 142705972 | E63: 133160847 | I63: 109626433 | J63: 8751876
A64: Trích trước phải trả phí quản lý Expense accruals for Management fee | B64: 319.1 | D64: 89138882 | E64: 79813852 | I64: 51431433 | J64: 6801876
A65: Trích trước phí lưu ký tài sản Expense accruals for Custodian fee | B65: 319.2 | D65: 20000000 | E65: 20000000 | I65: 10750000 | J65: 0
A66: Trích trước phí quản trị quỹ Expense accruals for Fund administration fee | B66: 319.3 | D66: 16500000 | E66: 16500000 | I66: 11180000 | J66: 0
A67: Trích trước phí giám sát Expense accruals for Supervising fee | B67: 319.4 | D67: 5500000 | E67: 5500000 | I67: 19565000 | J67: 0
A68: Trích trước phí dịch vụ đại lý chuyển nhượng Expense accruals for Tranfer agency fee | B68: 319.5 | D68: 11000000 | E68: 11000000 | I68: 11000000 | J68: 0
A69: Phải trả phí giao dịch Accruals of Transaction Fee | B69: 319.6 | D69: 567090 | E69: 346995 | I69: 5700000 | J69: 1950000
A70: Phải trả phí giao dịch thanh toán bù trừ chứng khoán Accruals of Clearing Settlement Fee | B70: 319.7 | D70: 0 | E70: 0 | I70: 0 | J70: 0
A71: 10. Phải trả, phải nộp khác Other payables | B71: 320 | D71: 0 | E71: 0 | I71: 0 | J71: 0
A72: TỔNG NỢ PHẢI TRẢ TOTAL LIABILITIES | B72: 300 | D72: 1670838536 | E72: 658836087 | G72: Check | I72: 1696757343 | J72: -1403144743 | M72: 190555733 | N72: 293612600
A73: III. GIÁ TRỊ TÀI SẢN RÒNG CÓ THỂ PHÂN PHỐI CHO NHÀ ĐẦU TƯ NẮM GIỮ CHỨNG CHỈ QUỸ MỞ (I-II) DISTRIBUTABLE NET ASSET VALUE (I-II) | B73: 400 | D73: 118425191372 | E73: 116141035326 | G73: 0 | H73: 0 | I73: 74689940491 | J73: 1803997402 | M73: 0 | N73: 0
A74: 1. Vốn góp của Nhà đầu tư Paid up capital | B74: 411 | D74: 70514679152 | E74: 70880344052 | I74: 63515455252 | J74: 41425800 | M74: 76971302174 | N74: 76493937893
A75: 1.1 Vốn góp phát hành Capital from subscription | B75: 412 | D75: 89125801152 | E75: 89080190052 | G75: 0 | H75: 0 | I75: 67944463052 | J75: 41425800 | M75: 0 | N75: 0
A76: 1.2 Vốn góp mua lại Capital from redeemption | B76: 413 | D76: -18611122000 | E76: -18199846000 | I76: -4429007800 | J76: 0
A77: 2. Thặng dư vốn góp của Nhà đầu tư Share premium | B77: 414 | D77: 4414395700 | E77: 4646438319 | I77: 1028209345 | J77: 8324200 | M77: 76971302174 | N77: 76493937893
A78: 3. Lợi nhuận chưa phân phối Undistributed earnings | B78: 420 | D78: 43496116520 | E78: 40614252955 | I78: 10146275894 | J78: 1754247402 | M78: 0 | N78: 0
A79: IV. GIÁ TRỊ TÀI SẢN RÒNG QUỸ MỞ TRÊN 1 ĐƠN VỊ CHỨNG CHỈ QUỸ (IV=III/(VI.4)) NET ASSET VALUE PER FUND CERTIFICATE | B79: 430 | D79: 16794.4 | E79: 16385.51 | I79: 11759.33 | J79: 276.18
A80: V. LỢI NHUẬN ĐÃ PHÂN PHỐI CHO NHÀ ĐẦU TƯ DISTRIBUTED EARNINGS | B80: 440 | D80: 0 | E80: 0 | J80: 0
A81: 1. Lợi nhuận/Tài sản đã phân phối cho Nhà đầu tư trong năm Distributed earnings assets in the period | B81: 441 | D81: 0 | E81: 0 | I81: 0 | J81: 0
A82: 2. Lợi nhuận đã phân phối cho Nhà đầu tư lũy kế từ khi thành lập Quỹ mở đến kỳ lập báo cáo này Accumulated distributed profit/ assets | B82: 442 | D82: 21452073549 | E82: 21452073549 | I82: 11894947459 | J82: 0
A83: VI. CÁC CHỈ TIÊU NGOÀI BÁO CÁO TÌNH HÌNH TÀI CHÍNH OFF BALANCE SHEET ITEMS | B83: VI | D83: 0 | E83: 0 | J83: 0
A84: 1. Tài sản nhận thế chấp Assets received as pledge | B84: 001 | D84: 0 | E84: 0 | I84: 0 | J84: 0
A85: 2. Nợ khó đòi đã xử lý Written off bad debts | B85: 002 | D85: 0 | E85: 0 | I85: 0 | J85: 0
A86: 3. Ngoại tệ các loại Foreign currencies | B86: 003 | D86: 0 | E86: 0 | I86: 0 | J86: 0
A87: 4. Số lượng Chứng chỉ quỹ đang lưu hành Number of outstanding fund certificates | B87: 004 | D87: 7051467.9 | E87: 7088034.4 | I87: 6351545.5 | J87: 4142.58
A92: Công ty Cổ phần Quản lý Quỹ Đầu tư Chứng khoán Bản Việt
A94: Người lập | D94: Người duyệt
A108: Bà Nguyễn Thị Nhung | D108: Bà Khúc Thị Kiều | E108: Bà Trương Thị Thanh Ngọc
A109: Kế toán quỹ | D109: Kế toán trưởng | E109: Giám đốc quỹ

Sheet BCTaiSan_06027
A1: Phụ lục XXVI. Mẫu báo cáo về hoạt động của Quỹ Appendix XXVI. Report on Fund's Operation | H1: ok
A2: (Ban hành kèm theo Thông tư số 98/2020/TT-BTC ngày 16 tháng 11 năm 2020 của Bộ trưởng Bộ Tài Chính về hướng dẫn hoạt động và quản lý quỹ đầu tư chứng khoán (Issued in association with Circular 98/2020/TT-BTC dated 16 November 2020 of the Minister of Finance on guiding the operation and management of the securities investment funds
A3: BÁO CÁO HOẠT ĐỘNG ĐẦU TƯ CỦA QUỸ MỞ REPORT ON FUND'S INVESTMENT ACTIVITIES
A5: Tại 31 tháng 03 năm 2022/As at 31 March 2022
A7: Tên Quỹ: | C7: Quỹ Đầu tư cân bằng Bản Việt
A8: Fund name: | C8: Viet Capital Balanced Fund (VCAMBF)
A9: Tên Công ty quản lý quỹ: | C9: Công ty Cổ phần Quản lý Quỹ Đầu tư chứng khoán Bản Việt
A10: Fund Management Company: | C10: Viet Capital Asset Management Joint Stock Company
A11: Tên ngân hàng giám sát: | C11: Ngân hàng TMCP Đầu tư và Phát triển Việt Nam CN Nam Kỳ Khởi Nghĩa
A12: Supervising bank: | C12: Bank for Investment and Development of VietNam JSC - Nam Ky Khoi Nghia Branch
A13: Ngày lập báo cáo: | C13: Ngày 01 tháng 04 năm 2022
A14: Reporting Date: | C14: 44652
A15: A. | B15: BÁO CÁO CHUNG VỀ HOẠT ĐỘNG ĐẦU TƯ CỦA QUỸ/GENERAL INFORMATION ON FUND'S INVESTMENT ACTIVITIES
A16: I | B16: BÁO CÁO TÀI SẢN CỦA QUỸ / ASSET REPORT
A17: STT No | B17: Nội dung Indicator | C17: Mã chỉ tiêu Code | D17: Ngày 31 tháng 03 năm 2022 As at 31 March 2022 | E17: Ngày 28 tháng 02 năm 2022 As at 28 February 2022 | F17: %/cùng kỳ năm trước %/against last year | K17: Ngày 30 tháng 04 năm 2018 As at 30 Apr 2018
A18: I | B18: TÀI SẢN ASSETS | C18: 2200 | K18: 0
A19: I.1 | B19: Tiền và các khoản tương đương tiền Cash and Cash Equivalents | C19: 2201 | D19: 22116850141 | E19: 24468617658 | F19: 100.85644 | K19: 18924296298
B20: Tiền Cash | C20: 2202 | D20: 0 | E20: 0 | F20: 0 | K20: 0
B21: Tiền gửi ngân hàng Cash at Bank | C21: 2203 | D21: 3816992249 | E21: 4280685759 | F21: 98.578251 | K21: 10834088082
B22: Tiền gửi của nhà đầu tư cho hoạt động mua chứng chỉ quỹ Cash at bank for Fund's subscription | C22: 2203.1 | D22: 29717335 | E22: 31789004 | F22: 0
B23: Tiền phải trả cho Nhà đầu tư về mua lại chứng chỉ quỹ Cash at bank for Fund's redemption | C23: 2203.2 | D23: 0 | E23: 0 | F23: 0
B24: Tiền gửi ngân hàng cho hoạt động của Quỹ Cash at bank for Fund's operation | C24: 2203.3 | D24: 3787274914 | E24: 4248896755 | F24: 97.810766
B25: Các khoản tương đương tiền Cash Equivalents | C25: 2204 | D25: 18299857892 | E25: 20187931899 | F25: 101.34496 | K25: 8090208216
A26: I.2 | B26: Các khoản đầu tư (kê chi tiết) Investments | C26: 2205 | D26: 96861372295 | E26: 91035112745 | F26: 135.69937 | K26: 54380270000
B27: Cổ phiếu niêm yết Listed shares | C27: 2205.01 | D27: 74782853650 | E27: 68956594100 | F27: 118.68458 | K27: 54104270000
B28: Cổ phiếu chưa niêm yết Unlisted shares | C28: 2205.02 | D28: 0 | E28: 0 | F28: 0 | K28: 0
B29: Trái phiếu Bonds | C29: 2205.03 | D29: 7000000000 | E29: 7000000000 | F29: 347.65689 | K29: 0
B30: Hợp đồng tiền gửi có kỳ hạn quá ba (03) tháng Deposit with term over three (03) months | C30: 2205.04 | D30: 15078518645 | E30: 15078518645 | F30: 237.22694 | K30: 0
B31: Chứng chỉ tiền gửi ghi danh Registered Deposit Certificate | C31: 2205.05 | D31: 0 | E31: 0 | F31: 0 | K31: 0
B32: Quyền mua chứng khoán Investments - Rights | C32: 2205.06 | D32: 0 | E32: 0 | F32: 0 | K32: 276000000
A33: I.3 | B33: Cổ tức, trái tức được nhận Dividend, Coupon Receivables | C33: 2206 | D33: 478684931 | E33: 431123287 | F33: 840.4006 | K33: 182000000
B34: Cổ tức được nhận Dividend receivables | C34: 2206.1 | D34: 0 | E34: 0 | F34: 0
B35: Trái tức được nhận Coupon Receivables | C35: 2206.2 | D35: 478684931 | E35: 431123287 | F35: 1168.689
A36: I.4 | B36: Lãi được nhận Interest Receivables | C36: 2207 | D36: 109917541 | E36: 90930598 | F36: 72.200731 | K36: 31954902
B37: Phải thu lãi tiền gửi có kỳ hạn Interest receivable from term deposit | C37: 2207.1 | D37: 109917541 | E37: 90930598 | F37: 72.200731 | K37: 31954902
B38: Phải thu lãi chứng chỉ tiền gửi ghi danh Interest receivable from registered Deposit Certificate | C38: 2207.2 | D38: 0 | E38: 0 | F38: 0 | K38: 0
A39: I.5 | B39: Tiền bán chứng khoán chờ thu Securities Trading Receivables | C39: 2208 | D39: 529205000 | E39: 774087125 | F39: 61.861687 | K39: 838678093
A40: I.6 | B40: Các khoản phải thu khác Other Receivables | C40: 2210 | D40: 0 | E40: 0 | F40: 0 | K40: 0
A41: I.7 | B41: Các tài sản khác Other Assets | C41: 2211 | D41: 0 | E41: 0 | F41: 0 | H41: checking | K41: 0
A42: I.8 | B42: TỔNG TÀI SẢN TOTAL ASSETS | C42: 2212 | D42: 120096029908 | E42: 116799871413 | F42: 127.25665 | H42: 77161857907 | I42: 76787550493 | K42: 74357199293
A43: II | B43: Nợ Liability | C43: 2213 | D43: 0 | E43: 0 | F43: 0 | H43: 0 | I43: 0 | K43: 0
A44: II.1 | B44: Tiền phải thanh toán mua chứng khoán Securities Trading Payables | C44: 2214 | D44: 1362340450 | E44: 381972100 | F44: 156.41205 | K44: 830644100
A45: II.2 | B45: Các khoản phải trả khác Other Payables | C45: 2215 | D45: 308498086 | E45: 276863987 | F45: 124.85072 | K45: 171396702
B46: Phải trả cho Nhà đầu tư về mua lại Chứng chỉ quỹ Net Redemption Payables | C46: 2215.01 | D46: 0 | E46: 26429772 | F46: 0 | K46: 0
B47: Phải trả cho Nhà đầu tư về mua Chứng chỉ quỹ Subscription Suspense Payable | C47: 2215.02 | D47: 29717335 | E47: 1010000 | F47: 0 | K47: 0
B48: Thuế và các khoản phải nộp Nhà nước Taxes Payables | C48: 2215.03 | D48: 1209718 | E48: 606550 | F48: 201.61967 | K48: 0
B49: Phải trả phí phát hành, mua lại chứng chỉ quỹ cho Đại lý phân phối và Công ty quản lý quỹ Subscription and Redemption fee payable to distributors and Fund Management Company | C49: 2215.04 | D49: 3737183 | E49: 1819349 | F49: 74.74366 | K49: 250000
B50: Phải trả thu nhập cho nhà đầu tư Income payable to investors | C50: 2215.05 | D50: 407334 | E50: 407334 | F50: 125.1964 | K50: 0
B51: Phải trả thù lao ban đại diện quỹ Remuneration Payable to Fund's Board of Representatives | C51: 2215.06 | D51: 16200000 | E51: 10800000 | F51: 100 | K51: 6000000
B52: Phải trả công ty quản lý quỹ Management fee payable | C52: 2215.07 | D52: 89138882 | E52: 79813852 | F52: 126.20834 | K52: 56533209
B53: Phải trả phí lưu ký - bảo quản tài sản Custodian fee payable | C53: 2215.08 | D53: 20000000 | E53: 20000000 | F53: 100 | K53: 10750000
B54: Phải trả phí quản trị quỹ Fund Administration fee payable | C54: 2215.09 | D54: 16500000 | E54: 16500000 | F54: 100 | K54: 11180000
B55: Phải trả phí giám sát Supervisory service fee payable | C55: 2215.10 | D55: 5500000 | E55: 5500000 | F55: 100 | K55: 19565000
B56: Phải trả phí giao dịch chứng khoán Custodian service - Transaction fee Payables | C56: 2215.11 | D56: 567090 | E56: 346995 | F56: 109.49121 | K56: 13050000
B57: Phải trả phí dịch vụ đại lý chuyển nhượng Transfer Agency fee payable | C57: 2215.12 | D57: 11000000 | E57: 11000000 | F57: 100 | K57: 11000000
... B64: Phải trả phí thường niên Annual Fee Payables | C64: 2215.19 | D64: 1232874 | E64: 808218 | F64: 100 | K64: 3287671
B65: Phải trả khác Other payable | C65: 2215.20 | D65: 0 | E65: 0 | F65: 0 | H65: 190555733 | I65: 293612600 | K65: 0
A66: II.3 | B66: TỔNG NỢ TOTAL LIABILITIES | C66: 2216 | D66: 1670838536 | E66: 658836087 | F66: 149.43711 | H66: 0 | I66: 0 | K66: 1002040802
B67: Tài sản ròng của Quỹ ( = I.8 - II.3) Net Asset Value ( = I.8 - II.3) | C67: 2217 | D67: 118425191372 | E67: 116141035326 | F67: 126.99072 | H67: 76971302174 | I67: 76493937893 | K67: 73355158491
B68: Tổng số chứng chỉ quỹ đang lưu hành Total Outstanding Fund Certificates | C68: 2218 | D68: 7051467.9 | E68: 7088034.4 | F68: 106.37376 | H68: 0 | I68: 0 | K68: 6359254.6
B69: Giá trị tài sản ròng trên một đơn vị quỹ Net Asset Value per Fund Certificate | C69: 2219 | D69: 16794.4 | E69: 16385.51 | F69: 119.38168 | H69: 12110.62 | I69: 12035.51 | K69: 11535.18
H70: 0 | I70: 0
A72: Đại diện có thẩm quyền của Ngân hàng giám sát | D72: Đại diện có thẩm quyền của Công ty quản lý Quỹ
A73: Authorised Representative of Supervisory Bank | D73: Authorised Representative of Fund Management Company
A83: Ngân hàng TMCP Đầu tư và Phát triển Việt Nam CN Nam Kỳ Khởi Nghĩa | D83: Công ty CP Quản lý Quỹ Đầu tư chứng khoán Bản Việt
A84: Hoàng Chí Sơn | D84: Trương Thị Thanh Ngọc
A85: Phó Giám Đốc | D85: Giám đốc quỹ

Sheet BCKetQuaHoatDong_06028
A1: Phụ lục XXVI. Mẫu báo cáo về hoạt động của Quỹ Appendix XXVI. Report on Fund's Operation
A2: (Ban hành kèm theo Thông tư số 98/2020/TT-BTC ngày 16 tháng 11 năm 2020 của Bộ trưởng Bộ Tài Chính về hướng dẫn hoạt động và quản lý quỹ đầu tư chứng khoán (Issued in association with Circular 98/2020/TT-BTC dated 16 November 2020 of the Minister of Finance on guiding the operation and management of the securities investment funds
A3: BÁO CÁO HOẠT ĐỘNG ĐẦU TƯ CỦA QuỸ MỞ REPORT ON FUND'S INVESTMENT ACTIVITIES
A5: Tháng 03 năm 2022 /March 2022
A7: Tên Quỹ: | C7: Quỹ Đầu tư cân bằng Bản Việt
A8: Fund name: | C8: Viet Capital Balanced Fund (VCAMBF)
A9: Tên Công ty quản lý quỹ: | C9: Công ty Cổ phần Quản lý Quỹ Đầu tư chứng khoán Bản Việt
A10: Fund Management Company: | C10: Viet Capital Asset Management Joint Stock Company
A11: Tên ngân hàng giám sát: | C11: Ngân hàng TMCP Đầu tư và Phát triển Việt Nam Chi nhánh Nam Kỳ Khởi Nghĩa
A12: Supervising bank: | C12: Bank for Investment and Development of VietNam JSC - Nam Ky Khoi Nghia Branch
A13: Ngày lập báo cáo: | C13: Ngày 01 tháng 04 năm 2022
A14: Reporting Date: | C14: 44652
A15: A. | B15: BÁO CÁO CHUNG VỀ HOẠT ĐỘNG ĐẦU TƯ CỦA QUỸ/GENERAL INFORMATION ON FUND'S INVESTMENT ACTIVITIES
A16: II | B16: BÁO CÁO KẾT QUẢ HOẠT ĐỘNG / PROFIT AND LOSS REPORT
A17: STT No | B17: Chỉ tiêu Indicator | C17: Mã chỉ tiêu Code | D17: Tháng 03 năm 2022 March 2022 | E17: Tháng 02 năm 2022 February 2022 | F17: Lũy kế từ đầu năm Accumulated from beginning of year
A18: I | B18: Thu nhập từ hoạt động đầu tư Income from Investment Activities | C18: 2220 | D18: 179039559 | E18: 208530013 | F18: 624713808 | P18: 2220
A19: 1 | B19: Cổ tức, trái tức được nhận Dividend, Coupon received | C19: 2221 | D19: 47561644 | E19: 91479451 | F19: 254857534 | P19: 2221
B20: Cổ tức được nhận Dividend received | C20: 2221.1 | D20: 0 | E20: 0 | F20: 74200000
B21: Trái tức được nhận Coupon received | C21: 2221.2 | D21: 47561644 | E21: 91479451 | F21: 180657534
A22: 2 | B22: Lãi được nhận Income from Interest | C22: 2222 | D22: 131477915 | E22: 117050562 | F22: 369856274 | P22: 2222
A23: 3 | B23: Các khoản thu nhập khác Other income | C23: 2223 | D23: 0 | E23: 0 | F23: 0 | P23: 2223
A24: II | B24: Chi phí Expense | C24: 2224 | D24: 192625544 | E24: 182664745 | F24: 563960468 | P24: 2224
A25: 1 | B25: Chi phí quản lý trả cho Công ty quản lý quỹ Management Fee paid to Fund Management Company | C25: 2225 | D25: 89138882 | E25: 79813852 | F25: 256253105 | P25: 2225
A26: 2 | B26: Chi phí lưu ký, giám sát trả cho Ngân hàng Giám sát/VSD Custody fee, Supervising fee paid to Supervising Bank/VSD | C26: 2226 | D26: 31531893 | E26: 31811885 | F26: 94366886 | P26: 2226
B27: Phí dịch vụ lưu ký - bảo quản tài sản Custodian service - Custody Fee | C27: 2226.1 | D27: 20000000 | E27: 20000000 | F27: 60000000 | P27: 2226.1
B28: Phí dịch vụ lưu ký - giao dịch chứng khoán Custodian service - Transaction fee | C28: 2226.2 | D28: 5539393 | E28: 5892657 | F28: 16512309 | P28: 2226.2
B29: Phí dịch vụ lưu ký tại VSD Custodian fee at VSD | C29: 2226.3 | D29: 492500 | E29: 419228 | F29: 1354577 | P29: 2226.3
B30: Phí giám sát Supervisory fee | C30: 2226.4 | D30: 5500000 | E30: 5500000 | F30: 16500000 | P30: 2226.4
A31: 3 | B31: Chi phí dịch vụ quản trị quỹ, chi phí dịch vụ đại lý chuyển nhượng và các chi phí khác mà công ty quản lý quỹ trả cho tổ chức cung cấp dịch vụ có liên quan Fund Administration Fee, Transfer Agency Fee, and other fee paid to relevant Fund's service providers | C31: 2227 | D31: 27500000 | E31: 27500000 | F31: 82500000 | P31: 2227
B32: Chi phí dịch vụ quản trị Quỹ Fund Administration Fee | C32: 2227.1 | D32: 16500000 | E32: 16500000 | F32: 49500000 | P32: 2227.1
B33: Chi phí dịch vụ Đại lý Chuyển nhượng Transfer Agency Fee | C33: 2227.2 | D33: 11000000 | E33: 11000000 | F33: 33000000 | P33: 2227.2
A34: 4 | B34: Chi phí kiểm toán trả cho tổ chức kiểm toán Audit fee | C34: 2228 | D34: 11465753 | E34: 10356164 | F34: 33287670 | P34: 2228
A35: 5 | B35: Chi phí dịch vụ tư vấn pháp lý, dịch vụ báo giá và các dịch vụ hợp lý khác, thù lao trả cho ban đại diện quỹ Legal consultancy expenses, price quotation fee, other valid expenses, remuneration payable to fund representative board | C35: 2229 | D35: 6000000 | E35: 6000000 | F35: 18000000 | P35: 2229
B36: Thù lao ban đại diện Quỹ Remuneration of Fund's Board of Representatives | C36: 2229.1 | D36: 6000000 | E36: 6000000 | F36: 18000000 | P36: 2229.1
B37: Chi phí cung cấp báo giá chứng khoán Price feed fee Expenses | C37: 2229.2 | D37: 0 | E37: 0 | F37: 0 | P37: 2229.2
A38: 6 | B38: Chi phí dự thảo, in ấn, gửi bản cáo bạch, bản cáo bạch tóm tắt, báo cáo tài chính, xác nhận giao dịch, sao kê tài khoản và các tài liệu khác cho nhà đầu tư; chi phí công bố thông tin của quỹ; chi phí tổ chức họp đại hội nhà đầu tư, ban đại diện quỹ Fee for drafting, printing, distribution of prospectus, summarised propectus, financial statements, transaction confirmations, account statements and other documents to investors; information disclosure fee; fee for organising annual general meeting, board of representatives meeting | C38: 2230 | D38: 0 | E38: 0 | F38: 0 | P38: 2230
B39: Chi phí họp Đại hội Quỹ Meeting expense | C39: 2230.1 | D39: 0 | E39: 0 | F39: 0 | P39: 2230.1
B40: Phí báo cáo thường niên Annual report expense | C40: 2230.2 | D40: 0 | E40: 0 | F40: 0 | P40: 2230.2
B41: Chi phí họp, công tác của ban đại diện Fund's Board of Representatives meeting, travelling expense | C41: 2230.3 | D41: 0 | E41: 0 | F41: 0 | P41: 2230.3
B42: Chi phí công bố thông tin của Quỹ Expenses for information disclosure of the Fund | C42: 2230.4 | D42: 0 | E42: 0 | F42: 0 | P42: 2230.4
A43: 7 | B43: Chi phí liên quan đến thực hiện các giao dịch tài sản của quỹ Expenses related to execution of fund’s asset transactions | C43: 2231 | D43: 25699861 | E43: 25963283 | F43: 76564434 | P43: 2231
B44: Chi phí môi giới Brokerage fee expense | C44: 2231.1 | D44: 25699861 | E44: 25963283 | F44: 76564434 | P44: 2231.1
B45: Chi phí thanh toán bù trừ Clearing settlement fee | C45: 2231.2 | D45: 0 | E45: 0 | F45: 0 | P45: 2231.2
A46: 8 | B46: Các loại chi phí khác Other expenses | C46: 2232 | D46: 1289155 | E46: 1219561 | F46: 2988373 | P46: 2232
B47: Chi phí thiết lập Quỹ Set up Expenses | C47: 2232.1 | D47: 0 | E47: 0 | F47: 0 | P47: 2232.1
B48: Phí niêm yết Listing fee expenses | C48: 2232.2 | D48: 0 | E48: 0 | F48: 0 | P48: 2232.2
B49: Phí quản lý thường niên Annual fee Expenses | C49: 2232.3 | D49: 424656 | E49: 383561 | F49: 1232874 | P49: 2232.3
B50: Phí ngân hàng Bank charges | C50: 2232.4 | D50: 864499 | E50: 836000 | F50: 1755499 | P50: 2232.4
B51: Phí thực hiện quyền trả cho VSD Payables to VSD for getting the list of investors | C51: 2232.5 | D51: 0 | E51: 0 | F51: 0
B52: Chi phí khác Other Expenses | C52: 2232.6 | D52: 0 | E52: 0 | F52: 0 | P52: 2232.5
A53: III | B53: Thu nhập ròng từ hoạt động đầu tư ( = I - II) Net Income from Investment Activities ( = I - II) | C53: 2233 | D53: -13585985 | E53: 25865268 | F53: 60753340 | P53: 2233
A54: IV | B54: Lãi (lỗ) từ hoạt động đầu tư Gain / (Loss) from Investment Activities | C54: 2234 | D54: 2895449550 | E54: 2137854300 | F54: 1467769550 | P54: 2234
A55: 1 | B55: Lãi (lỗ) thực tế phát sinh từ hoạt động đầu tư Realised Gain / (Loss) from disposal of investment | C55: 2235 | D55: 905539752 | E55: 1521852304 | F55: 4370310153 | P55: 2235
A56: 2 | B56: Thay đổi về giá trị của các khoản đầu tư trong kỳ Unrealised Gain / (Loss) due to market price | C56: 2236 | D56: 1989909798 | E56: 616001996 | F56: -2902540603 | G56: checking | P56: 2236
A57: V | B57: Thay đổi của giá trị tài sản ròng của Quỹ do các hoạt động đầu tư trong kỳ (III + IV) Change of Net Asset Value of the Fund due to investment activities during the period ( = III + IV) | C57: 2237 | D57: 2881863565 | E57: 2163719568 | F57: 1528522890 | G57: 477364281 | K57: SUB | L57: REDEMPTION | P57: 2237
A58: VI | B58: Giá trị tài sản ròng đầu kỳ Net Asset Value at the beginning of period | C58: 2238 | D58: 116141035326 | E58: 113872645667 | F58: 117220725865 | G58: 0 | J58: Tháng 1 | K58: 0 | L58: 0 | P58: 2238
A59: VII | B59: Thay đổi giá trị tài sản ròng của Quỹ trong kỳ Change of Net Asset Value of the Fund during the period | C59: 2239 | D59: 2284156046 | E59: 2268389659 | F59: 1204465507 | J59: Tháng 2 | P59: 2239
B60: Trong đó: Of which: | C60: 2240 | D60: 0 | E60: 0 | F60: 0 | J60: Tháng 3 | K60: 49750000 | L60: 0 | P60: 2240
A61: 1 | B61: Thay đổi giá trị tài sản ròng của Quỹ do các hoạt động liên quan đến đầu tư của Quỹ trong kỳ Change of Net Asset Value due to investment related activities during the period | C61: 2241 | D61: 2881863565 | E61: 2163719568 | F61: 1528522890 | J61: Tháng 4 | K61: 0 | L61: 0 | P61: 2239.1
A62: 2 | B62: Thay đổi giá trị tài sản ròng của Quỹ do việc phân phối thu nhập của Quỹ cho các nhà đầu tư trong kỳ Change of Net Asset Value due to profit distribution to investors during the period | C62: 2242 | D62: 0 | E62: 0 | F62: 0 | J62: Tháng 5 | P62: 2239.2
A63: 3 | B63: Thay đổi giá trị tài sản ròng do phát hành thêm/mua lại chứng chỉ quỹ Change of Net Asset Value due to subscription/redemption during the period | C63: 2239.1 | D63: -597707519 | E63: 104670091 | F63: -324057383
B64: Thay đổi GTTSR do phát hành thêm Chứng chỉ Quỹ Change of Net Asset Value due to subscription during the period | C64: 2239.11 | D64: 74676814 | E64: 233682853 | F64: 568358913 | J64: Tháng 6 | P64: 2239.3
B65: Thay đổi GTTSR do mua lại Chứng chỉ Quỹ Change of Net Asset Value due to redemption during the period | C65: 2239.22 | D65: -672384333 | E65: -129012762 | F65: -892416296 | J65: Tháng 7 | P65: 2239.4
A66: VIII | B66: Giá trị tài sản ròng cuối kỳ Net Asset Value at the end of period | C66: 2243 | D66: 118425191372 | E66: 116141035326 | F66: 118425191372 | G66: 76971302174 | H66: 76493937893 | J66: Tháng 8 | P66: 2243
G67: 0 | H67: 0 | J67: Tháng 9
J68: Tháng 10
A69: Đại diện có thẩm quyền của Ngân hàng giám sát | D69: Đại diện có thẩm quyền của Công ty quản lý Quỹ | G69: 0 | J69: Tháng 11
A70: Authorised Representative of Supervisory Bank | D70: Authorised Representative of Fund Management Company | J70: Tháng 12
J71: Total | K71: 49750000 | L71: 0
A81: NH TMCP Đầu tư và Phát triển Việt Nam CN Nam Kỳ Khởi Nghĩa | D81: Công ty CP Quản lý Quỹ Đầu tư chứng khoán Bản Việt
A82: Hoàng Chí Sơn | D82: Trương Thị Thanh Ngọc
A83: Phó giám đốc chi nhánh | D83: Giám đốc quỹ

Sheet BCDanhMucDauTu_06029
A1: Phụ lục XXVI. Mẫu báo cáo về hoạt động của Quỹ Appendix XXVI. Report on Fund's Operation
A2: (Ban hành kèm theo Thông tư số 98/2020/TT-BTC ngày 16 tháng 11 năm 2020 của Bộ trưởng Bộ Tài Chính về hướng dẫn hoạt động và quản lý quỹ đầu tư chứng khoán (Issued in association with Circular 98/2020/TT-BTC dated 16 November 2020 of the Minister of Finance on guiding the operation and management of the securities investment funds)
A3: BÁO CÁO HOẠT ĐỘNG ĐẦU TƯ CỦA QUỸ MỞ REPORT ON FUND'S INVESTMENT ACTIVITIES
A5: Tại 31 tháng 03 năm 2022/As at 31 March 2022
A7: Tên Quỹ: | C7: Quỹ Đầu tư cân bằng Bản Việt
A8: Fund name: | C8: Viet Capital Balanced Fund (VCAMBF)
A9: Tên Công ty quản lý quỹ: | C9: Công ty Cổ phần Quản lý Quỹ Đầu tư chứng khoán Bản Việt
A10: Fund Management Company: | C10: Viet Capital Asset Management Joint Stock Company
A11: Tên ngân hàng giám sát: | C11: Ngân hàng TMCP Đầu tư và Phát triển Việt Nam Chi nhánh Nam Kỳ Khởi Nghĩa
A12: Supervising bank: | C12: Bank for Investment and Development of VietNam JSC - Nam Ky Khoi Nghia Branch
A13: Ngày lập báo cáo: | C13: Ngày 01 tháng 04 năm 2022
A14: Reporting Date: | C14: 44652
A15: A. | B15: BÁO CÁO CHUNG VỀ HOẠT ĐỘNG ĐẦU TƯ CỦA QUỸ/GENERAL INFORMATION ON FUND'S INVESTMENT ACTIVITIES
A16: III | B16: BÁO CÁO VỀ TÌNH HÌNH DANH MỤC ĐẦU TƯ CỦA QUỸ / INVESTMENT PORTFOLIO REPORT
A17: STT/No. | B17: Loại Category | C17: Mã chỉ tiêu Code | D17: Số Lượng Quantity | E17: Giá thị trường hoặc giá trị hợp lý tại ngày báo cáo Market price | F17: Tổng giá trị (Đồng) Value (VND) | G17: Tỷ lệ % Tổng giá trị tài sản của Quỹ % of total asset
A18: I | B18: CỔ PHIẾU NIÊM YẾT LISTED EQUITY | C18: 2246
A19: 1 | B19: ACB | C19: 2246.1 | D19: 60000 | E19: 33050 | F19: 1983000000 | G19: 0.016511786
A20: 2 | B20: BMI | C20: 2246.2 | D20: 50000 | E20: 42500 | F20: 2125000000 | G20: 0.017694174
A21: 3 | B21: BVH | C21: 2246.3 | D21: 45000 | E21: 61500 | F21: 2767500000 | G21: 0.023044059
A22: 4 | B22: CKG | C22: 2246.4 | D22: 80000 | E22: 31850 | F22: 2548000000 | G22: 0.021216355
A23: 5 | B23: CTG | C23: 2246.5 | D23: 102336 | E23: 32450 | F23: 3320803200 | G23: 0.027651232
A24: 6 | B24: FPT | C24: 2246.6 | D24: 150095 | E24: 107000 | F24: 16060165000 | G24: 0.13372769
A25: 7 | B25: HCM | C25: 2246.7 | D25: 50000 | E25: 34100 | F25: 1705000000 | G25: 0.014196972
A26: 8 | B26: HPG | C26: 2246.8 | D26: 105000 | E26: 45100 | F26: 4735500000 | G26: 0.039430945
A27: 9 | B27: HVN | C27: 2246.9 | D27: 40000 | E27: 24900 | F27: 996000000 | G27: 0.0082933632
A28: 10 | B28: MBB | C28: 2246.10 | D28: 155247 | E28: 32950 | F28: 5115388650 | G28: 0.042594153
A29: 11 | B29: MML | C29: 2246.11 | D29: 61700 | E29: 75300 | F29: 4646010000 | G29: 0.038685792
A30: 12 | B30: MSN | C30: 2246.12 | D30: 6000 | E30: 142200 | F30: 853200000 | G30: 0.0071043148
A31: 13 | B31: NAF | C31: 2246.13 | D31: 110000 | E31: 23000 | F31: 2530000000 | G31: 0.021066475
A32: 14 | B32: NLG | C32: 2246.14 | D32: 30037 | E32: 56400 | F32: 1694086800 | G32: 0.014106102
A33: 15 | B33: NT2 | C33: 2246.15 | D33: 50000 | E33: 24400 | F33: 1220000000 | G33: 0.010158537
A34: 16 | B34: PC1 | C34: 2246.16 | D34: 50000 | E34: 47150 | F34: 2357500000 | G34: 0.019630124
A35: 17 | B35: STB | C35: 2246.17 | D35: 130000 | E35: 31700 | F35: 4121000000 | G35: 0.034314207
A36: 18 | B36: TTF | C36: 2246.18 | D36: 70000 | E36: 16700 | F36: 1169000000 | G36: 0.0097338771
A37: 19 | B37: VAB | C37: 2246.19 | D37: 120000 | E37: 14100 | F37: 1692000000 | G37: 0.014088726
A38: 20 | B38: VC2 | C38: 2246.20 | D38: 95000 | E38: 65200 | F38: 6194000000 | G38: 0.051575393
A39: 21 | B39: VNM | C39: 2246.21 | D39: 52000 | E39: 80900 | F39: 4206800000 | G39: 0.035028635
A40: 22 | B40: VRE | C40: 2246.22 | D40: 82000 | E40: 33450 | F40: 2742900000 | G40: 0.022839223
B41: TỔNG TOTAL | C41: 2247 | D41: 1694415 | F41: 74782853650 | G41: 0.62269214
A42: II | B42: CỔ PHIẾU CHƯA NIÊM YẾT UNLISTED EQUITY | C42: 2248
B43: TỔNG TOTAL | C43: 2249 | D43: 0 | F43: 0
B44: TỔNG CÁC LOẠI CỔ PHIẾU TOTAL | C44: 2250 | D44: 1694415 | F44: 74782853650 | G44: 0.62269214
A45: III | B45: TRÁI PHIẾU BONDS | C45: 2251
B46: VCIH2123003 | C46: 2251.1 | D46: 70 | E46: 100000000 | F46: 7000000000 | G46: 0.058286689
B47: TỔNG TOTAL | C47: 2252 | D47: 70 | F47: 7000000000 | G47: 0.058286689
A48: IV | B48: CÁC LOẠI CHỨNG KHOÁN KHÁC OTHER SECURITIES | C48: 2253
A49: 1 | B49: Quyền mua Rights | C49: 2253.1
B51: TỔNG TOTAL | C51: 2254 | D51: 0 | F51: 0 | G51: 0
B52: TỔNG CÁC LOẠI CHỨNG KHOÁN SECURITIES INVESTMENT TOTAL | C52: 2255 | D52: 1694485 | F52: 81782853650 | G52: 0.68097883
A53: V | B53: CÁC TÀI SẢN KHÁC OTHER ASSETS | C53: 2256 | D53: 0 | E53: 0
A54: 1 | B54: Cổ tức được nhận Dividend receivables | C54: 2256.1 | D54: 0 | E54: 0 | F54: 0 | G54: 0
A55: 2 | B55: Lãi trái phiếu được nhận Coupon receivables | C55: 2256.2 | D55: 0 | E55: 0 | F55: 478684931 | G55: 0.0039858514
A56: 3 | B56: Lãi tiền gửi được nhận Interest receivables from deposits | C56: 2256.3 | D56: 0 | E56: 0 | F56: 109917541 | G56: 0.00091524708
A57: 4 | B57: Phải thu lãi chứng chỉ tiền gửi ghi danh Interest receivable from registered Deposit Certificate | C57: 2256.4 | D57: 0 | E57: 0 | F57: 0 | G57: 0 | I57: Tach lai CD va TD
A58: 5 | B58: Tiền bán chứng khoán chờ thu Outstanding Settlement of sales transactions | C58: 2256.5 | D58: 0 | E58: 0 | F58: 529205000 | G58: 0.0044065154
A59: 6 | B59: Phải thu khác Other receivables | C59: 2256.6 | D59: 0 | E59: 0 | F59: 0 | G59: 0
A60: 7 | B60: Tài sản khác Other investments | C60: 2256.7 | D60: 0 | E60: 0 | G60: 0
B61: TỔNG TOTAL | C61: 2257 | D61: 0 | E61: 0 | F61: 1117807472 | G61: 0.0093076139
A62: VI | B62: TIỀN CASH | C62: 2258 | D62: 0 | E62: 0
A63: 1 | B63: Tiền, tương đương tiền Cash, Cash Equivalents | C63: 2259 | D63: 0 | E63: 0 | F63: 22116850141 | G63: 0.18415971
A64: 2 | B64: Tiền gửi ngân hàng có kỳ hạn trên 03 tháng Deposits with term over three (03) months | C64: 2260 | F64: 15078518645 | G64: 0.12555385
A65: 3 | B65: Chứng chỉ tiền gửi Certificate of deposit | C65: 2261 | D65: 0 | E65: 0 | F65: 0 | G65: 0
A66: 4 | B66: Công cụ chuyển nhượng… Registered certificate of deposit | C66: 2262 | D66: 0 | E66: 0 | G66: 0
B67: TỔNG TOTAL | C67: 2263 | F67: 37195368786 | G67: 0.30971356
A68: VII | B68: Tổng giá trị danh mục Total value of portfolio | C68: 2264 | F68: 120096029908 | G68: 1 | I68: checking
I69: 77161857907
I70: 0
A71: Đại diện có thẩm quyền của Ngân hàng giám sát | E71: Đại diện có thẩm quyền của Công ty quản lý Quỹ
A72: Authorised Representative of Supervisory Bank | E72: Authorised Representative of Fund Management Company
A83: NH TMCP Đầu tư và Phát triển Việt Nam CN Nam Kỳ Khởi Nghĩa | E83: Công ty CP Quản lý Quỹ Đầu tư chứng khoán Bản Việt
A84: Hoàng Chí Sơn | E84: Trương Thị Thanh Ngọc
A85: Phó giám đốc chi nhánh | E85: Giám đốc quỹ

Sheet BCHoatDongVay_06026
A1: Phụ lục XXVI. Mẫu báo cáo về hoạt động của Quỹ Appendix XXVI. Report on Fund's Operation
A2: (Ban hành kèm theo Thông tư số 98/2020/TT-BTC ngày 16 tháng 11 năm 2020 của Bộ trưởng Bộ Tài Chính về hướng dẫn hoạt động và quản lý quỹ đầu tư chứng khoán (Issued in association with Circular 98/2020/TT-BTC dated 16 November 2020 of the Minister of Finance on guiding the operation and management of the securities investment funds)
A3: BÁO CÁO HOẠT ĐỘNG ĐẦU TƯ CỦA QUỸ MỞ REPORT ON FUND'S INVESTMENT ACTIVITIES
A4: Tháng 03 năm 2022 /March 2022
A6: Tên Quỹ: | G6: Quỹ Đầu tư cân bằng Bản Việt
A7: Fund name: | G7: Viet Capital Balanced Fund (VCAMBF)
A8: Tên Công ty quản lý quỹ: | G8: Công ty Cổ phần Quản lý Quỹ Đầu tư chứng khoán Bản Việt
A9: Fund Management Company: | G9: Viet Capital Asset Management Joint Stock Company
A10: Tên ngân hàng giám sát: | G10: Ngân hàng TMCP Đầu tư và Phát triển Việt Nam Chi nhánh Nam Kỳ Khởi Nghĩa
A11: Supervising bank: | G11: Bank for Investment and Development of VietNam JSC - Nam Ky Khoi Nghia Branch
A12: Ngày lập báo cáo: | G12: Ngày 01 tháng 04 năm 2022
A13: Reporting Date: | G13: 44652
A14: A. | B14: BÁO CÁO CHUNG VỀ HOẠT ĐỘNG ĐẦU TƯ CỦA QUỸ/GENERAL INFORMATION ON FUND'S INVESTMENT ACTIVITIES
A15: IV | B15: BÁO CÁO HOẠT ĐỘNG VAY, GIAO DỊCH MUA BÁN LẠI / REPORT ON BORROWING OPERATION, REPO/REVERSE REPO TRANSACTIONS
A16: STT No. | B16: Nội dung hoạt động (nêu chi tiết theo mục tiêu và đối tác) Description | C16: Mã chỉ tiêu Code | D16: Đối tác Counterparty | E16: Mục tiêu/Tài sản đảm bảo Collateral | F16: Kỳ hạn Term | G16: Giá trị khoản vay hoặc khoản cho vay Amount | H16: Thời điểm giao dịch As at transaction date | J16: Thời điểm báo cáo As at reporting date
H17: Ngày tháng năm Date | I17: Tỷ lệ giá trị hợp đồng/giá trị tài sản ròng của quỹ Balance/NAV | J17: Ngày tháng năm Date | K17: Tỷ lệ giá trị hợp đồng/giá trị tài sản ròng của quỹ Balance/NAV
A18: 1 | B18: Các khoản vay tiền (nêu chi tiết từng hợp đồng) Borrowings (detail by each contract) | C18: 2287
A19: I | B19: Tổng giá trị các khoản vay tiền/giá trị tài sản ròng Borrowings/NAV | C19: 2288
A20: 2 | B20: Hợp đồng Repo (nêu chi tiết từng hợp đồng) Repo contract (detail by each contract) | C20: 2289
A21: II | B21: Tổng giá trị các hợp đồng Repo/giá trị tài sản ròng Total value of Repo contracts/NAV | C21: 2290
A22: A | B22: Tổng giá trị các khoản vay/giá trị tài sản ròng (=I+II) Total Borrowings, Repo/NAV (=I+II) | C22: 2291
A23: 3 | B23: Cho vay chứng khoán (nêu chi tiết từng hợp đồng) Securities lending (detail by each contract) | C23: 2292
A24: III | B24: Tổng giá trị các hợp đồng/giá trị tài sản ròng Total contract value/NAV | C24: 2293
A25: 4 | B25: Hợp đồng Reverse Repo (nêu chi tiết từng hợp đồng) Reverse Repo contract (Detail by each contract) | C25: 2295
A26: IV | B26: Tổng giá trị các hợp đồng/giá trị tài sản ròng Total contract value/NAV | C26: 2296
A27: B | B27: Tổng giá trị các khoản cho vay/giá trị tài sản ròng (=III + IV) Total Loans/NAV (=III + IV) | C27: 2297
A30: * Ghi chú: kỳ báo cáo không phát sinh
A32: Đại diện có thẩm quyền của Ngân hàng giám sát | I32: Đại diện có thẩm quyền của Công ty quản lý Quỹ
A33: Authorised Representative of Supervisory Bank | I33: Authorised Representative of Fund Management Company
A44: Ngân hàng TMCP Đầu tư và Phát triển Việt Nam Chi nhánh Nam Kỳ Khởi Nghĩa | I44: Công ty CP Quản lý Quỹ Đầu tư chứng khoán Bản Việt
A45: Hoàng Chí Sơn | I45: Trương Thị Thanh Ngọc
A46: Phó giám đốc chi nhánh | I46: Giám đốc quỹ

Sheet Khac_06030
A1: Phụ lục XXVI. Mẫu báo cáo về hoạt động của Quỹ Appendix XXVI. Report on Fund's Operation
A2: (Ban hành kèm theo Thông tư số 98/2020/TT-BTC ngày 16 tháng 11 năm 2020 của Bộ trưởng Bộ Tài Chính về hướng dẫn hoạt động và quản lý quỹ đầu tư chứng khoán (Issued in association with Circular 98/2020/TT-BTC dated 16 November 2020 of the Minister of Finance on guiding the operation and management of the securities investment funds)
A3: BÁO CÁO HOẠT ĐỘNG ĐẦU TƯ CỦA QUỸ MỞ REPORT ON FUND'S INVESTMENT ACTIVITIES
A5: Tháng 03 năm 2022 /March 2022
A7: Tên Quỹ: | C7: Quỹ Đầu tư cân bằng Bản Việt
A8: Fund name: | C8: Viet Capital Balanced Fund (VCAMBF)
A9: Tên Công ty quản lý quỹ: | C9: Công ty Cổ phần Quản lý Quỹ Đầu tư chứng khoán Bản Việt
A10: Fund Management Company | C10: Viet Capital Asset Management Joint Stock Company
A11: Tên ngân hàng giám sát: | C11: Ngân hàng TMCP Đầu tư và Phát triển Việt Nam Chi nhánh Nam Kỳ Khởi Nghĩa
A12: Supervising bank: | C12: Bank for Investment and Development of VietNam JSC - Nam Ky Khoi Nghia Branch
A13: Ngày lập báo cáo: | C13: Ngày 01 tháng 04 năm 2022
A14: Reporting Date: | C14: 44652
A15: A. | B15: BÁO CÁO CHUNG VỀ HOẠT ĐỘNG ĐẦU TƯ CỦA QUỸ/GENERAL INFORMATION ON FUND'S INVESTMENT ACTIVITIES
A16: V | B16: MỘT SỐ CHỈ TIÊU KHÁC / OTHER INDICATORS
A17: STT/No. | B17: Chỉ tiêu/Indicators | C17: Mã chỉ tiêu/Code | D17: Tháng 03 năm 2022 March 2022 | E17: Tháng 02 năm 2022 February 2022
A18: I | B18: CÁC CHỈ TIÊU VỀ HIỆU QUẢ HOẠT ĐỘNG INVESTMENT PERFORMANCE INDICATORS | C18: 2264
A19: 1 | B19: Tỷ lệ giá dịch vụ quản lý quỹ trả cho công ty quản lý quỹ/Giá trị tài sản ròng trung bình trong kỳ (%) Management fee paid to the fund management company/Average NAV (%) | C19: 2265 | D19: 0.0091775782 | E19: 0.008297358
A20: 2 | B20: Tỷ lệ giá dịch vụ lưu ký, giám sát trả cho Ngân hàng Giám sát/Giá trị tài sản ròng trung bình trong kỳ (%) Custody and supervising fees paid to the Supervisory Bank/Average NAV (%) | C20: 2266 | D20: 0.0032464667 | E20: 0.0033071277
A21: 3 | B21: Tỷ lệ chi phí dịch vụ quản trị quỹ, và các chi phí khác mà công ty quản lý quỹ trả cho tổ chức cung cấp dịch vụ có liên quan/Giá trị tài sản ròng của quỹ trung bình trong kỳ (%) Fund admin fee, and other fees paid to relating services providers by the fund management company/Average NAV (%) | C21: 22661 | D21: 0.0028313503 | E21: 0.002858869
A22: 4 | B22: Chi phí kiểm toán trả cho tổ chức kiểm toán (nếu phát sinh) / Giá trị tài sản ròng trung bình trong kỳ (%) Audit fee expense over average NAV ratio (%) | C22: 2267 | D22: 0.0011804932 | E22: 0.0010766151
A23: 5 | B23: Chi phí dịch vụ tư vấn pháp lý, dịch vụ báo giá và các dịch vụ hợp lý khác, thù lao trả cho ban đại diện quỹ / Giá trị tài sản ròng trung bình trong kỳ (%) Legal consultancy, OTC price quotation and other valid service fees; Board of Representatives' remuneration expense over average NAV ratio (%) | C23: 2268 | D23: 0.00061774916 | E23: 0.00062375323
A24: 6 | B24: Tỷ lệ chi phí /Giá trị tài sản ròng trung bình trong kỳ (%) Expense/Average NAV (%) | C24: 2269 | D24: 0.017186367 | E24: 0.016290507
A25: 7 | B25: Tốc độ vòng quay danh mục trong kỳ (%) = (Tổng giá trị mua vào + tổng giá trị bán ra) x 100%/ (2 x Giá trị tài sản ròng trung bình trong kỳ) Portfolio turnover rate (%) = (Total value of purchase transactions + total value of sales transactions) x 100%/ (2 x Average NAV) (**) | C25: 2270 | D25: 0.88200371 | E25: 0.89970452
A26: II | B26: CÁC CHỈ TIÊU KHÁC OTHER INDICATORS | C26: 2272
A27: 1 | B27: Quy mô quỹ đầu kỳ (tính theo mệnh giá chứng chỉ quỹ) Fund scale at the beginning of the period (based on par value of fund certificate) | C27: 2273 | D27: 70880344052 | E27: 70816397652
B28: Tổng giá trị chứng chỉ quỹ đang lưu hành đầu kỳ Total value of outstanding Fund Certificate at the beginning of period | C28: 2274 | D28: 70880344052 | E28: 70816397652
B29: Tổng số lượng đơn vị quỹ đang lưu hành đầu kỳ Total number of outstanding Fund Certificate at the beginning of period | C29: 2275 | D29: 7088034.4 | E29: 7081639.8
A30: 2 | B30: Thay đổi quy mô quỹ trong kỳ (tính theo mệnh giá chứng chỉ quỹ) Change of Fund scale during the period (based on par value of fund certificate) | C30: 2276 | D30: -365664900 | E30: 63946400
B31: Thay đổi số lượng chứng chỉ quỹ trong kỳ Change of Number of Fund Certificates during the period | C31: 2276.1 | D31: -36566.49 | E31: 6394.64
B32: Thay đổi giá trị vốn trong kỳ (theo mệnh giá) Change in capital amount during the period (based on par value) | C32: 2276.2 | D32: -365664900 | E32: 63946400
B33: Số lượng đơn vị quỹ phát hành thêm trong kỳ Number of Fund Certificates subscribed during the period | C33: 2277 | D33: 4561.11 | E33: 14284.75
B34: Giá trị vốn huy động thêm trong kỳ (theo mệnh giá) Net subscription amount in period (based on par value) | C34: 2278 | D34: 45611100 | E34: 142847500
B35: Số lượng đơn vị quỹ mua lại trong kỳ Number of Fund Certificates redeemed during the period | C35: 22781 | D35: -41127.6 | E35: -7890.11
B36: Giá trị vốn phải thanh toán trong kỳ khi đáp ứng lệnh của nhà đầu tư (theo mệnh giá) Net redemption amount in period (based on par value) | C36: 22782 | D36: -411276000 | E36: -78901100
A37: 3 | B37: Quy mô quỹ cuối kỳ (tính theo mệnh giá chứng chỉ quỹ) Fund scale at the end of the period (based on par value of fund unit) | C37: 2279 | D37: 7.0514679e+10 | E37: 70880344052
B38: Tổng giá trị chứng chỉ quỹ đang lưu hành cuối kỳ Total value of outstanding Fund Certificate at the end of the period | C38: 2280 | D38: 7.0514679e+10 | E38: 70880344052
B39: Tổng số lượng đơn vị quỹ đang lưu hành cuối kỳ Total number of outstanding Fund Certificate at the end of the period | C39: 2281 | D39: 7051467.9 | E39: 7088034.4
A40: 4 | B40: Tỷ lệ nắm giữ chứng chỉ quỹ của công ty quản lý quỹ và người có liên quan cuối kỳ Fund Management Company and related parties' ownership ratio at the end of the period | C40: 2282 | D40: 0.9086 | E40: 0.9039
A41: 5 | B41: Tỷ lệ nắm giữ chứng chỉ quỹ của 10 nhà đầu tư lớn nhất cuối kỳ Top 10 investors' ownership ratio at the end of the period | C41: 2283 | D41: 0.9616 | E41: 0.9588
A42: 6 | B42: Tỷ lệ nắm giữ chứng chỉ quỹ của nhà đầu tư nước ngoài cuối kỳ Foreign investors' ownership ratio at the end of the period | C42: 2284 | D42: 0.0013932276 | E42: 0.0013860401
A43: 7 | B43: Giá trị tài sản ròng trên một đơn vị quỹ cuối tháng Net asset value per Fund Certificate at the end of period | C43: 2285 | D43: 16794.4 | E43: 16385.51
A44: 8 | B44: Số nhà đầu tư tham gia vào quỹ, kể cả giao dịch ký danh Number of investors of the Fund at the end of the period | C44: 22841 | D44: 158 | E44: 161
A46: Ghi chú/ Notes:
B47: Các chỉ tiêu từ 1 đến 7 của "Chỉ tiêu về hiệu quả hoạt động" cột kỳ trước đã được điều chỉnh để phản ánh số liệu trên cơ sở hoạt động tròn năm bằng cách nhân các chỉ tiêu này với 12. All Indicators starting from number 1 to 7 of "Investment performance indicators" at last period column are annualized to reflect a rate that is based on a full year operation by multiplying these indicators with 12.
A49: Đại diện có thẩm quyền của Ngân hàng giám sát | D49: Đại diện có thẩm quyền của Công ty quản lý Quỹ
A50: Authorised Representative of Supervisory Bank | D50: Authorised Representative of Fund Management Company
A62: Ngân hàng TMCP Đầu tư và Phát triển Việt Nam Chi nhánh Nam Kỳ Khởi Nghĩa | D62: Công ty CP Quản lý Quỹ Đầu tư chứng khoán Bản Việt
A63: Hoàng Chí Sơn | D63: Trương Thị Thanh Ngọc
A64: Phó giám đốc chi nhánh | D64: Giám đốc quỹ

Sheet TB 30092015
E2: GENERAL LEDGER TRIAL BALANCE
E3: Fund | F3: VCAMBF | G3: VIET CAPITAL BALANCED FU Page : | H3: 1/2
A4: General Ledger Trail Balance To | E4: 31/10/2015 00:00 Currency VND | G4: DONG Report | H4: : SHJNA102
G5: 03/11/2015 10:57
E6: Nav Type Official | G6: Historical
A7: Account | B7: IFRS Suff Acc | D7: Maturity | E7: Description | G7: - - - - - - - - - - - - - Balance - - - | H7: - - - - - - - - - -
B8: Class | C8: Ccy | D8: Date | G8: Account Ccy | H8: Fund CcyVND
A9: 101100 | C9: VND | E9: Investment - Equities | F9: VND | G9: 27189959504 | H9: 27189959504
A10: 110100 | C10: VND | D10: 09/11/2015 | E10: Bank Deposits | F10: VND | G10: 5000000000 | H10: 5000000000
A11: 110100 | C11: VND | D11: 12/11/2015 | E11: Bank Deposits | F11: VND | G11: 7000000000 | H11: 7000000000
A12: 110100 | C12: VND | D12: 16/11/2015 | E12: Bank Deposits | F12: VND | G12: 4000000000 | H12: 4000000000
A13: 110100 | C13: VND | D13: 30/12/2015 | E13: Bank Deposits | F13: VND | G13: 13000000000 | H13: 13000000000
A14: 132100 | B14: 7 | C14: VND | E14: Dividend Receivable | F14: VND | G14: 112800000 | H14: 112800000
A15: 132150 | B15: 7 | C15: VND | E15: Due From Broker - Equities | F15: VND | G15: 3088160800 | H15: 3088160800
A16: 140130 | B16: 7 | C16: VND | E16: Cash in Bank STANDARD | F16: VND | G16: 6452337403 | H16: 6452337403
E17: CHARTERED BANK VIETNAM
A18: 152190 | B18: - | C18: VND | E18: Int Accrual - Deposit | F18: VND | G18: 103038889 | H18: 103038889
A19: 161100 | B19: - | C19: VND | E19: Prov Unr P/L - Equities | F19: VND | G19: -1452309804 | H19: -1452309804
A20: 161120 | B20: - | C20: VND | E20: Prov Unr P/L - Rights | F20: VND | G20: 349680000 | H20: 349680000
A21: 212150 | B21: 7 | C21: VND | E21: Due to Broker - Equity | F21: VND | G21: -1492792250 | H21: -1492792250
A22: 212222 | B22: - | C22: VND | E22: Payable WHT Tax | F22: VND | G22: -6000000 | H22: -6000000
A23: 213103 | B23: - | C23: VND | E23: Exp Accrual - Admin Fee | F23: VND | G23: -11180000 | H23: -11180000
A24: 213105 | B24: - | C24: VND | E24: Exp Accrual - Audit Fee | F24: VND | G24: -91616438 | H24: -91616438
A25: 213107 | B25: - | C25: VND | E25: Exp Accrual - Custody Fee | F25: VND | G25: -10750000 | H25: -10750000
A26: 213108 | B26: - | C26: VND | E26: Exp Accrual - Directors Fee | F26: VND | G26: -5400000 | H26: -5400000
A27: 213110 | B27: - | C27: VND | E27: Exp Accrual - Fund Svces Fee | F27: VND | G27: -19565000 | H27: -19565000
A28: 213128 | B28: - | C28: VND | E28: Exp Accrual - Transaction Fee | F28: VND | G28: -9600000 | H28: -9600000
A29: 213129 | B29: - | C29: VND | E29: Exp Accrual - Transfer Agt Fee | F29: VND | G29: -11000000 | H29: -11000000
A30: 213154 | B30: - | C30: VND | E30: Exp Accrual - Other Expense | F30: VND | G30: -8328773 | H30: -8328773
A31: 213500 | B31: - | C31: VND | E31: Exp Accrual - Management | F31: VND | G31: -47698050 | H31: -47698050
E32: Fee
A33: 301000 | B33: - | C33: VND | E33: Capital - Subscription | F33: VND | G33: -60597958652 | H33: -60597958652
A34: 302000 | B34: - | C34: VND | E34: Capital - Redemption | F34: VND | G34: 1056863400 | H34: 1056863400
A35: 303102 | B35: - | C35: VND | E35: Unit Premium Reserve | F35: VND | G35: -191086976 | H35: -191086976
A36: 390000 | B36: - | C36: VND | E36: RETAIN EARNINGS | F36: VND | G36: 567698805 | H36: 567698805
A37: 411100 | B37: - | C37: VND | E37: R/L G/P - Equities | F37: VND | G37: -7655111543 | H37: -7655111543
A38: 431100 | B38: - | C38: VND | E38: UR/L G/P - Equities | F38: VND | G38: -1.9763784e+09 | H38: -1.9763784e+09
A39: 431120 | B39: - | C39: VND | E39: UR/L G/P - Rights | F39: VND | G39: -349680000 | H39: -349680000
A40: 441100 | B40: - | C40: VND | E40: UR/L G/FX - Equities | F40: VND | G40: -0.14 | H40: -0.14
A41: 451100 | B41: - | C41: VND | E41: Dividend Income - Equities | F41: VND | G41: -1971571000 | H41: -1971571000
A42: 452190 | B42: - | C42: VND | E42: Int Income - Deposit | F42: VND | G42: -839661113 | H42: -839661113
A43: 511100 | B43: - | C43: VND | E43: R/L L/P - Equities | F43: VND | G43: 7377336200 | H43: 7377336200
A44: 553002 | B44: - | C44: VND | E44: Other Expenses | F44: VND | G44: 832700 | H44: 832700
... A57: 555167 | B57: - | C57: VND | E57: Annual Fee Expense | F57: VND | G57: 18328773 | H57: 18328773
E59: GENERAL LEDGER TRIAL BALANCE
E60: Fund | F60: VCAMBF VIET CAPITAL BALANCED FU | G60: Page : | H60: 2/2
A61: General Ledger Trail Balance To | E61: 31/10/2015 00:00 Currency VND | G61: DONG Report | H61: : SHJNA102
G62: 03/11/2015 10:57
E63: Nav Type Official | G63: Historical
A64: Account | B64: IFRS Suff Acc | D64: Maturity | E64: Description | G64: - - - - - - - - - - - - - Balance - - - | H64: - - - - - - - - - -
B65: Class | C65: Ccy | D65: Date | G65: Account Ccy | H65: Fund CcyVND
G66: Closing Balance | H66: 0
G67: Total Debits | H67: 76747687956
G68: Total Credits | H68: 76747687956
G69: Total Asset and Liabilities | H69: 63129736281
G70: Total Capital and PL | H70: -63129736281
G71: Total Off Balance | H71: 0

Sheet danh muc
A1: STT | B1: Loại tài sản | C1: Mã chỉ tiêu | D1: Số lượng | E1: Giá thị trường hoặc giá trị hợp lý tại ngày báo cáo | F1: Tổng giá trị | G1: Tỷ lệ %/Tổng giá trị tài sản của quỹ
A2: I | B2: Bất động sản đầu tư (áp dụng đối với các quỹ được đầu tư bất động sản)
A3: ... | B3: ... | C3: ... | D3: ... | E3: ... | F3: ... | G3: ...
B4: Tổng | C4: 2264
A5: II | B5: Cổ phiếu niêm yết, đăng ký giao dịch, chứng chỉ quỹ niêm yết | C5: 2246
A6: ... | B6: =BCDanhMucDauTu_06029!B19 -> ACB | C6: 2246.1 | D6: =BCDanhMucDauTu_06029!D19 -> 60000 | E6: =BCDanhMucDauTu_06029!E19 -> 33050 | F6: =BCDanhMucDauTu_06029!F19 -> 1983000000 | G6: =BCDanhMucDauTu_06029!G19 -> 0.016511786
B7: =BCDanhMucDauTu_06029!B20 -> BMI | C7: 2246.2 | D7: =BCDanhMucDauTu_06029!D20 -> 50000 | E7: =BCDanhMucDauTu_06029!E20 -> 42500 | F7: =BCDanhMucDauTu_06029!F20 -> 2125000000 | G7: =BCDanhMucDauTu_06029!G20 -> 0.017694174
B8: =BCDanhMucDauTu_06029!B21 -> BVH | C8: 2246.3 | D8: =BCDanhMucDauTu_06029!D21 -> 45000 | E8: =BCDanhMucDauTu_06029!E21 -> 61500 | F8: =BCDanhMucDauTu_06029!F21 -> 2767500000 | G8: =BCDanhMucDauTu_06029!G21 -> 0.023044059
B9: =BCDanhMucDauTu_06029!B22 -> CKG | C9: 2246.4 | D9: =BCDanhMucDauTu_06029!D22 -> 80000 | E9: =BCDanhMucDauTu_06029!E22 -> 31850 | F9: =BCDanhMucDauTu_06029!F22 -> 2548000000 | G9: =BCDanhMucDauTu_06029!G22 -> 0.021216355
B10: =BCDanhMucDauTu_06029!B23 -> CTG | C10: 2246.5 | D10: =BCDanhMucDauTu_06029!D23 -> 102336 | E10: =BCDanhMucDauTu_06029!E23 -> 32450 | F10: =BCDanhMucDauTu_06029!F23 -> 3320803200 | G10: =BCDanhMucDauTu_06029!G23 -> 0.027651232
B11: =BCDanhMucDauTu_06029!B24 -> FPT | C11: 2246.6 | D11: =BCDanhMucDauTu_06029!D24 -> 150095 | E11: =BCDanhMucDauTu_06029!E24 -> 107000 | F11: =BCDanhMucDauTu_06029!F24 -> 16060165000 | G11: =BCDanhMucDauTu_06029!G24 -> 0.13372769
B12: =BCDanhMucDauTu_06029!B25 -> HCM | C12: 2246.7 | D12: =BCDanhMucDauTu_06029!D25 -> 50000 | E12: =BCDanhMucDauTu_06029!E25 -> 34100 | F12: =BCDanhMucDauTu_06029!F25 -> 1705000000 | G12: =BCDanhMucDauTu_06029!G25 -> 0.014196972
B13: =BCDanhMucDauTu_06029!B26 -> HPG | C13: 2246.8 | D13: =BCDanhMucDauTu_06029!D26 -> 105000 | E13: =BCDanhMucDauTu_06029!E26 -> 45100 | F13: =BCDanhMucDauTu_06029!F26 -> 4735500000 | G13: =BCDanhMucDauTu_06029!G26 -> 0.039430945
B14: =BCDanhMucDauTu_06029!B27 -> HVN | C14: 2246.9 | D14: =BCDanhMucDauTu_06029!D27 -> 40000 | E14: =BCDanhMucDauTu_06029!E27 -> 24900 | F14: =BCDanhMucDauTu_06029!F27 -> 996000000 | G14: =BCDanhMucDauTu_06029!G27 -> 0.0082933632
B15: =BCDanhMucDauTu_06029!B28 -> MBB | C15: 2246.10 | D15: =BCDanhMucDauTu_06029!D28 -> 155247 | E15: =BCDanhMucDauTu_06029!E28 -> 32950 | F15: =BCDanhMucDauTu_06029!F28 -> 5115388650 | G15: =BCDanhMucDauTu_06029!G28 -> 0.042594153
B16: =BCDanhMucDauTu_06029!B29 -> MML | C16: 2246.11 | D16: =BCDanhMucDauTu_06029!D29 -> 61700 | E16: =BCDanhMucDauTu_06029!E29 -> 75300 | F16: =BCDanhMucDauTu_06029!F29 -> 4646010000 | G16: =BCDanhMucDauTu_06029!G29 -> 0.038685792
B17: =BCDanhMucDauTu_06029!B30 -> MSN | C17: 2246.12 | D17: =BCDanhMucDauTu_06029!D30 -> 6000 | E17: =BCDanhMucDauTu_06029!E30 -> 142200 | F17: =BCDanhMucDauTu_06029!F30 -> 853200000 | G17: =BCDanhMucDauTu_06029!G30 -> 0.0071043148
B18: =BCDanhMucDauTu_06029!B31 -> NAF | C18: 2246.13 | D18: =BCDanhMucDauTu_06029!D31 -> 110000 | E18: =BCDanhMucDauTu_06029!E31 -> 23000 | F18: =BCDanhMucDauTu_06029!F31 -> 2530000000 | G18: =BCDanhMucDauTu_06029!G31 -> 0.021066475
... B23: =BCDanhMucDauTu_06029!B36 -> TTF | C23: 2246.18 | D23: =BCDanhMucDauTu_06029!D36 -> 70000 | E23: =BCDanhMucDauTu_06029!E36 -> 16700 | F23: =BCDanhMucDauTu_06029!F36 -> 1169000000 | G23: =BCDanhMucDauTu_06029!G36 -> 0.0097338771
B24: =BCDanhMucDauTu_06029!B40 -> VRE | C24: 2246.19 | D24: =BCDanhMucDauTu_06029!D40 -> 82000 | E24: =BCDanhMucDauTu_06029!E40 -> 33450 | F24: =BCDanhMucDauTu_06029!F40 -> 2742900000 | G24: =BCDanhMucDauTu_06029!G40 -> 0.022839223
B25: =BCDanhMucDauTu_06029!#REF! -> #REF! | C25: 2246.20 | D25: =BCDanhMucDauTu_06029!#REF! -> #REF! | E25: =BCDanhMucDauTu_06029!#REF! -> #REF! | F25: =BCDanhMucDauTu_06029!#REF! -> #REF! | G25: =BCDanhMucDauTu_06029!#REF! -> #REF!
B26: Tổng | C26: 2247 | D26: =BCDanhMucDauTu_06029!D41 -> 1694415 | F26: =BCDanhMucDauTu_06029!F41 -> 74782853650 | G26: =BCDanhMucDauTu_06029!G41 -> 0.62269214
A27: II | B27: Cổ phiếu chưa niêm yết, đăng ký giao dịch, chứng chỉ quỹ không niêm yết | C27: 2248
A28: ... | B28: ... | C28: ... | D28: ... | E28: ... | F28: ... | G28: ...
B29: Tổng | C29: 2249
A30: III | B30: Trái phiếu | C30: 2251
A31: ... | B31: VCIH2123003 | C31: 2251.1 | D31: 70 | E31: 100000000 | F31: 7000000000 | G31: =BCDanhMucDauTu_06029!G46 -> 0.058286689
B32: Tổng | C32: 2252 | D32: 70 | F32: 7000000000 | G32: =BCDanhMucDauTu_06029!G47 -> 0.058286689
A33: IV | B33: Các loại chứng khoán khác | C33: 2253
B35: Tổng | C35: 2254
B36: Tổng các loại chứng khoán | C36: 2255 | D36: =BCDanhMucDauTu_06029!D52 -> 1694485 | F36: =BCDanhMucDauTu_06029!F52 -> 81782853650 | G36: =BCDanhMucDauTu_06029!G52 -> 0.68097883
A37: V | B37: Các tài sản khác | C37: 2256
A38: ... | B38: ... | C38: ... | D38: ... | E38: ... | F38: ... | G38: ...
B39: Tổng | C39: 2257 | D39: 0 | E39: 0 | F39: =BCDanhMucDauTu_06029!F61 -> 1117807472 | G39: =BCDanhMucDauTu_06029!G61 -> 0.0093076139
A40: VI | B40: Tiền | C40: 2258
B41: Tiền, tương đương tiền | C41: 2259
A42: ... | B42: ... | C42: ... | D42: ... | E42: ... | F42: ... | G42: ...
B43: Tiền gửi ngân hàng | C43: 2260
A44: ... | B44: ... | C44: ... | D44: ... | E44: ... | F44: ... | G44: ...
B46: Tổng | C46: 2262 | F46: =BCDanhMucDauTu_06029!F67 -> 37195368786 | G46: =BCDanhMucDauTu_06029!G67 -> 0.30971356
A47: VII | B47: Tổng giá trị danh mục | C47: 2263 | F47: =BCDanhMucDauTu_06029!F68 -> 120096029908 | G47: =BCDanhMucDauTu_06029!G68 -> 1
